 Dungeon Crawl Stone Soup version 0.28.0-53-g5a82cb258f (webtiles) character file.

Game seed: 3323282008686202496

60 safid the Skirmisher (level 4, -4/40 HPs)
             Began as a Hill Orc Fighter on Aug 20, 2022.
             Killed from afar by Sigmund (13 damage)
             ... with a puff of flame
             ... on level 3 of the Dungeon.
             The game lasted 00:01:44 (1751 turns).

safid the Skirmisher (Hill Orc Fighter)             Turns: 1751, Time: 00:01:45

Health: -4/40      AC:  7    Str: 20    XL:     4   Next: 4%
Magic:  4/4        EV:  9    Int:  8    God:
Gold:   74         SH:  0    Dex: 10    Spells: 3/3 levels left

rFire   . . .      SeeInvis .   a - +0 war axe
rCold   . . .      Faith    .   c - +0 buckler
rNeg    . . .      Spirit   .   b - +0 scale mail
rPois   .          Reflect  .   (no helmet)
rElec   .          Harm     .   (no cloak)
rCorr   .          Rampage  .   (no gloves)
Will    .....                   (no boots)
Stlth   ..........              (no amulet)
HPRegen 0.13/turn               (no ring)
MPRegen 0.09/turn               (no ring)

@: confused, mighty
A: no striking features
a: no special abilities


You were on level 3 of the Dungeon.
You visited 1 branch of the dungeon, and saw 3 of its levels.

You collected 74 gold pieces.

Inventory:

Hand Weapons
 a - a +0 war axe (weapon)
Missiles
 j - 6 poisoned darts (quivered)
Armour
 b - a +0 scale mail (worn)
 c - a +0 buckler (worn)
Scrolls
 e - 2 scrolls of teleportation {unknown}
 f - 2 scrolls of vulnerability {unknown}
 g - a scroll of noise {unknown}
 h - a scroll of identify {unknown}
Potions
 i - a potion of lignification {unknown}


   Skills:
 - Level 4.0 Fighting
 + Level 3.7 Axes
 - Level 4.0 Armour
 + Level 3.9 Shields


You had 3 spell levels left.
You didn't know any spells.
Your spell library contained the following spells:

 Spells                   Type           Power      Damage    Failure   Level
 Freeze                   Ice            0%         1d3       85%         1
 Corpse Rot               Necr/Air       0%         N/A       94%         2
 Poisonous Vapours        Pois/Air       0%         N/A       94%         2
 Frozen Ramparts          Ice            0%         1d2       99%         3
 Hailstorm                Conj/Ice       0%         3d3       100%        4


Dungeon Overview and Level Annotations

Branches:
Dungeon (3/15)

Altars:

Annotations:
D:3 Sigmund


Message History

Sigmund closely misses you. The adder bites you but does no damage.
Unknown command.
You closely miss Sigmund.
Sigmund is lightly wounded.
You barely miss the adder. The adder closely misses you.
Sigmund barely misses you.
A bat comes into view.
The adder bites you but does no damage.
You barely miss Sigmund.
Sigmund is lightly wounded.
You miss the adder.
Sigmund zaps a wand.
The puff of flame hits you. The adder bites you but does no damage.
Unknown command.
You closely miss Sigmund.
Sigmund is lightly wounded.
You barely miss the adder. You closely miss the bat.
The bat hits you but does no damage. You block the adder's attack.
Sigmund gestures at you while chanting.
You are confused.
The adder completely misses you. The bat hits you but does no damage.
Sigmund hits you but does no damage.
You're too confused to move!
The bat closely misses you. The adder bites you.
* * * LOW HITPOINT WARNING * * *
Unknown command.
The bat hits you but does no damage. The adder bites you but does no damage.
Sigmund barely misses you.
An adder comes into view.
The adder bites you but does no damage.
Unknown command.
You bump into the rock wall.
The adder hisses angrily.
The bat hits you but does no damage. The adder bites you but does no damage.
Sigmund barely misses you.
Unknown command.
The bat hits you but does no damage. The adder misses you.
Unknown command.
You bump into the rock wall.
The adder bites you.
* * * LOW HITPOINT WARNING * * *
Sigmund zaps a wand.
The puff of flame hits you!
You die...

.#### .... ...# ##
#..# # ..##..##. .
...... .. #
#..##.#
...##.#####.<...#
........@b....###
.......S.?....#
#####.#@#.........
#.....###.####
###S### .# #.# ..
... ... #.$# .#.
#.>


You could see Sigmund, 2 adders and a bat.

Vanquished Creatures
  An adder (D:2)
  A dart slug (D:1)
  5 endoplasms
  4 giant cockroaches
  3 goblins
  8 hobgoblins
  2 kobolds
  3 quokkas (D:2)
  4 ball pythons (D:1)
  3 bats
  4 frilled lizards
  5 rats
43 creatures vanquished.

Notes
Turn   | Place    | Note
-------+----------+-------------------------------------------
     0 | D:1      | safid the Hill Orc Fighter began the quest for the Orb.
     0 | D:1      | Reached XP level 1. HP: 19/19 MP: 1/1
   261 | D:1      | Reached XP level 2. HP: 25/27 MP: 2/2
   749 | D:1      | Reached XP level 3. HP: 30/33 MP: 3/3
  1440 | D:2      | Found a faded altar of an unknown god.
  1558 | D:2      | Reached XP level 4. HP: 40/40 MP: 4/4
  1737 | D:3      | Noticed Sigmund
  1751 | D:3      | Killed from afar by Sigmund

Illustrated notes

Levels and vault maps discovered:
D:1:      dpeg_arrival_pits, layout_loops_ring,
          wander_ebering_terrifying_dragon_lair
D:2:      layout_basic, shapermc_ecumenical_altar_venn
D:3:      layout_loops_ring, nicolae_overflow_ecumenical_swirl,
          chequers_serial_rivers_micro_c, uniq_sigmund

Skill      XL: |  1  2  3  4 |
---------------+-------------+-----
Axes           | 3 |  3.7
Fighting       | 4 |  4.0
Armour         | 4 |  4.0
Shields        | |  3.9

Action                   |  1- 3 |  4- 6 || total
-------------------------+-------+-------++-------
Melee: War axe           |   119 |    11 ||   130
  Use: Potion            |       |     1 ||     1
Armor: Scale mail        |    54 |    15 ||    69
Dodge: Dodged            |    59 |    13 ||    72
Block: Buckler           |    21 |     2 ||    23
